Workbook

Sheet Выручка
A1: Максимальная выручка студии | B1: значение
A2: Групповые программы
A3: Среднее число занимающихся на уроке, чел. | B3: 12
A4: Число уроков в неделю (мах), шт. | B4: 65
A5: Число уроков в месяц, шт. | B5: =B4*4.2 -> 273
A6: Общее число визитов всеми клиентами на ГП, чел. | B6: =B3*B5 -> 3276
A7: Среднее число уроков в абонементе | B7: 8
A8: Число абонементов к продаже в месяц, шт. | B8: =B6/B7 -> 409.5
A9: Средняя стоимость одного занятия, руб. | B9: =B10/B7 -> 550
A10: Средняя стоимость абонемента, руб. | B10: 4400
A12: Персональные тренировки
A13: Число свободных часов в залах для ПТ в мес. | B13: 500
A14: Доля заполнения залов ПТ, % | B14: 15
A15: Общее число визитов всеми клиентами на ПТ, чел. | B15: =(B13*B14)/100 -> 75
A16: Средняя стоимость ПТ, руб. | B16: 1200
A18: ИТОГО | B18: =B19+B20 -> 1891800
A19: Выручка по абонементам в месяц, руб. | B19: =B8*B10 -> 1801800
A20: Выручка по ПТ в месяц, руб. | B20: =B16*B13*B14/100 -> 90000

Sheet Маркетинг
B1: 1 | C1: 2 | D1: 3 | E1: 4 | F1: 5 | G1: 6 | H1: 7 | I1: 8 | J1: 9
A2: интернет реклама годовая подписка | B2: 115000 | C2: =$B2/12 -> 9583.3333 | D2: =$B2/12 -> 9583.3333 | E2: =$B2/12 -> 9583.3333 | F2: =$B2/12 -> 9583.3333 | G2: =$B2/12 -> 9583.3333 | H2: =$B2/12 -> 9583.3333 | I2: =$B2/12 -> 9583.3333 | J2: =$B2/12 -> 9583.3333
A3: смм | B3: 25000 | C3: 25000 | D3: 25000 | E3: 25000 | F3: 25000 | G3: 25000 | H3: 25000 | I3: 25000 | J3: 25000
A4: прочее | B4: 15000 | C4: 15000 | D4: 15000 | E4: 15000 | F4: 15000 | G4: 15000 | H4: 15000 | I4: 15000 | J4: 15000
A6: Итого | B6: =SUM(B2:B5) -> 155000 | C6: =SUM(C2:C5) -> 49583.333 | D6: =SUM(D2:D5) -> 49583.333 | E6: =SUM(E2:E5) -> 49583.333 | F6: =SUM(F2:F5) -> 49583.333 | G6: =SUM(G2:G5) -> 49583.333 | H6: =SUM(H2:H5) -> 49583.333 | I6: =SUM(I2:I5) -> 49583.333 | J6: =SUM(J2:J5) -> 49583.333

Sheet Выручка в динамике до max
A1: Месяцы с открытия студии (порядк.№) | B1: 1 | C1: 2 | D1: 3 | E1: 4 | F1: 5 | G1: 6 | H1: 7 | I1: 8 | J1: 9
A2: Динамика выхода на норму продаж, % | B2: 40 | C2: 57 | D2: 72 | E2: 81 | F2: 89 | G2: 94 | H2: 96 | I2: 99 | J2: 100
A3: Выручка ГП с открытия, руб. | B3: =Выручка!$B18*B2/100 -> 756720 | C3: =Выручка!$B18*C2/100 -> 1078326 | D3: =Выручка!$B18*D2/100 -> 1362096 | E3: =Выручка!$B18*E2/100 -> 1532358 | F3: =Выручка!$B18*F2/100 -> 1683702 | G3: =Выручка!$B18*G2/100 -> 1778292 | H3: =Выручка!$B18*H2/100 -> 1816128 | I3: =Выручка!$B18*I2/100 -> 1872882 | J3: =Выручка!$B18*J2/100 -> 1891800
A4: Выручка ПТ с открытия, руб. | B4: =Выручка!$B20*B2/100 -> 36000 | C4: =Выручка!$B20*C2/100 -> 51300 | D4: =Выручка!$B20*D2/100 -> 64800 | E4: =Выручка!$B20*E2/100 -> 72900 | F4: =Выручка!$B20*F2/100 -> 80100 | G4: =Выручка!$B20*G2/100 -> 84600 | H4: =Выручка!$B20*H2/100 -> 86400 | I4: =Выручка!$B20*I2/100 -> 89100 | J4: =Выручка!$B20*J2/100 -> 90000
A5: ИТОГО | B5: =SUM(B2:B4) -> 792760 | C5: =SUM(C2:C4) -> 1129683 | D5: =SUM(D2:D4) -> 1426968 | E5: =SUM(E2:E4) -> 1605339 | F5: =SUM(F2:F4) -> 1763891 | G5: =SUM(G2:G4) -> 1862986 | H5: =SUM(H2:H4) -> 1902624 | I5: =SUM(I2:I4) -> 1962081 | J5: =SUM(J2:J4) -> 1981900

Sheet Бюджет
B1: 1 | C1: 2 | D1: 3 | E1: 4 | F1: 5 | G1: 6 | H1: 7 | I1: 8 | J1: 9
A2: Плановая выручка | B2: ='Выручка в динамике до max'!B5 -> 792760 | C2: ='Выручка в динамике до max'!C5 -> 1129683 | D2: ='Выручка в динамике до max'!D5 -> 1426968 | E2: ='Выручка в динамике до max'!E5 -> 1605339 | F2: ='Выручка в динамике до max'!F5 -> 1763891 | G2: ='Выручка в динамике до max'!G5 -> 1862986 | H2: ='Выручка в динамике до max'!H5 -> 1902624 | I2: ='Выручка в динамике до max'!I5 -> 1962081 | J2: ='Выручка в динамике до max'!J5 -> 1981900
A3: Статьи расходов
A4: Аренда помещения | B4: 400000 | C4: 400000 | D4: 400000 | E4: 400000 | F4: 400000 | G4: 400000 | H4: 400000 | I4: 400000 | J4: 400000
A5: Коммунальные платежи | B5: 65000 | C5: 65000 | D5: 65000 | E5: 65000 | F5: 65000 | G5: 65000 | H5: 65000 | I5: 65000 | J5: 65000
A6: Фонд оплаты труда | B6: =B2*35% -> 277466 | C6: =C2*35% -> 395389.05 | D6: =D2*35% -> 499438.8 | E6: =E2*35% -> 561868.65 | F6: =F2*35% -> 617361.85 | G6: =G2*35% -> 652045.1 | H6: =H2*35% -> 665918.4 | I6: =I2*35% -> 686728.35 | J6: =J2*35% -> 693665
A7: Клининг | B7: 30000 | C7: 30000 | D7: 30000 | E7: 30000 | F7: 30000 | G7: 30000 | H7: 30000 | I7: 30000 | J7: 30000
A8: Маркетинг | B8: =Маркетинг!B6 -> 155000 | C8: =Маркетинг!C6 -> 49583.333 | D8: =Маркетинг!D6 -> 49583.333 | E8: =Маркетинг!E6 -> 49583.333 | F8: =Маркетинг!F6 -> 49583.333 | G8: =Маркетинг!G6 -> 49583.333 | H8: =Маркетинг!H6 -> 49583.333 | I8: =Маркетинг!I6 -> 49583.333 | J8: =Маркетинг!J6 -> 49583.333
A9: Хозяйственные расходы | B9: 15000 | C9: 15000 | D9: 15000 | E9: 15000 | F9: 15000 | G9: 15000 | H9: 15000 | I9: 15000 | J9: 15000
A10: Ремонт оборудования и текущий ремонт | B10: 0 | C10: 0 | D10: 0 | E10: 0 | F10: 0 | G10: 0 | H10: 0 | I10: 0 | J10: 0
A11: Прочее | B11: 50000 | C11: 50000 | D11: 50000 | E11: 50000 | F11: 50000 | G11: 50000 | H11: 50000 | I11: 50000 | J11: 50000
A12: Фонд резерва | B12: =B2*2% -> 15855.2 | C12: =C2*2% -> 22593.66 | D12: =D2*2% -> 28539.36 | E12: =E2*2% -> 32106.78 | F12: =F2*2% -> 35277.82 | G12: =G2*2% -> 37259.72 | H12: =H2*2% -> 38052.48 | I12: =I2*2% -> 39241.62 | J12: =J2*2% -> 39638
A14: Оперционные расходы | B14: =SUM(B4:B13) -> 1008321.2 | C14: =SUM(C4:C13) -> 1027566 | D14: =SUM(D4:D13) -> 1137561.5 | E14: =SUM(E4:E13) -> 1203558.8 | F14: =SUM(F4:F13) -> 1262223 | G14: =SUM(G4:G13) -> 1298888.2 | H14: =SUM(H4:H13) -> 1313554.2 | I14: =SUM(I4:I13) -> 1335553.3 | J14: =SUM(J4:J13) -> 1342886.3
A15: Прибыль | B15: =B2-B14 -> -215561.2 | C15: =C2-C14 -> 102116.96 | D15: =D2-D14 -> 289406.51 | E15: =E2-E14 -> 401780.24 | F15: =F2-F14 -> 501668 | G15: =G2-G14 -> 564097.85 | H15: =H2-H14 -> 589069.79 | I15: =I2-I14 -> 626527.7 | J15: =J2-J14 -> 639013.67
